 Dungeon Crawl Stone Soup version 0.23.2-33-g5129a83184 (webtiles) character file.

Game seed: 3805437287956379785

547 Hylith the Chopper (level 7, -4/61 HPs)
             Began as a Hill Orc Fighter on Aug 11, 2019.
             Slain by a sky beast (6 damage)
             ... on level 5 of the Dungeon.
             The game lasted 00:03:59 (3544 turns).

Hylith the Chopper (Hill Orc Fighter)               Turns: 3544, Time: 00:03:59

Health: -4/61      AC:  7    Str: 21    XL:     7   Next: 28%
Magic:  7/7        EV:  7    Int:  8    God:
Gold:   267        SH: 13    Dex: 10    Spells: 6/6 levels left

rFire    . . .     SeeInvis .   a - +0 war axe
rCold    . . .     Gourm    .   c - +0 shield
rNeg     . . .     Faith    .   b - +0 scale mail
rPois    .         Spirit   .   (no helmet)
rElec    .         Reflect  +   (no cloak)
rCorr    .         Harm     .   (no gloves)
MR       .....                  (no boots)
Stlth    ..........             r - +3 amulet of reflection
HPRegen  0.20/turn              (no ring)
MPRegen  0.10/turn              (no ring)

@: hasted, very quick
A: no striking features
a: no special abilities


You were on level 5 of the Dungeon.
You were hungry.

You visited 1 branch of the dungeon, and saw 5 of its levels.

You collected 267 gold pieces.

Inventory:

Hand Weapons
 a - a +0 war axe (weapon)
Armour
 b - a +0 scale mail (worn)
 c - a +0 shield (worn)
Jewellery
 r - a +3 amulet of reflection (around neck)
Scrolls
 e - 2 scrolls of noise {unknown}
 g - 3 scrolls of remove curse {unknown}
 h - 2 scrolls of blinking {unknown}
 k - 2 scrolls of teleportation {unknown}
 l - 2 scrolls of immolation {unknown}
 m - 3 scrolls of amnesia {unknown}
 n - 6 scrolls of identify {unknown}
 q - a scroll of random uselessness {unknown}
Potions
 i - a potion of magic {unknown}
 j - a potion of berserk rage {unknown}
 o - 2 potions of brilliance {unknown}
 p - a potion of curing {unknown}
 s - a potion of ambrosia {unknown}
Comestibles
 f - 10 rations


   Skills:
 + Level 5.3 Fighting
 * Level 6.8 Axes
 + Level 4.9 Armour
 + Level 4.9 Shields


You had 6 spell levels left.
You didn't know any spells.
Your spell library was empty.

Dungeon Overview and Level Annotations

Branches:
Dungeon (5/15)
 Temple: D:4-7

Altars:
Trog
The Shining One

Annotations:
D:3 1 runed translucent door, Cykl0x's ghost, amateur FoFi


Message History

You miss something.
A sky beast appears from thin air!
Reactivating autopickup.
The sky beast barely misses you.
You slash the sky beast!
The sky beast is severely wounded.
The sky beast hits you.
* * * LOW HITPOINT WARNING * * *
The sky beast shocks you.
* * * LOW HITPOINT WARNING * * *
Your shield prevents you from hitting the sky beast.
The sky beast is severely wounded.
The sky beast hits you but does no damage.
The sky beast hits you.
* * * LOW HITPOINT WARNING * * *
The sky beast shocks you.
* * * LOW HITPOINT WARNING * * *
It was a potion of haste.
You feel yourself speed up. The sky beast hits you.
* * * LOW HITPOINT WARNING * * *
The sky beast shocks you.
You die...

#.........#
#....!....#
#.........#
#..?.......
#.....%....
#..!.......
#..†.......
##<.......
#.@<......
#..Y)......
#..........
#.........#
#.........#
#...[....[#
#..........
#.........#


You could see a sky beast.

Vanquished Creatures
  2 ogres
  2 scorpions (D:4)
  A hound (D:5)
  An orc priest (D:4)
  Natasha (D:2)
  2 worker ants
  5 adders
  2 oozes (D:4)
  An adder skeleton (D:4)
  3 dart slugs
  2 leopard geckos
  5 orcs
  2 ball pythons
  4 bats
  8 giant cockroaches
  10 goblins
  3 hobgoblins
  11 jackals
  9 kobolds
  A quokka (D:4)
  6 frilled lizards
  6 rats
87 creatures vanquished.

Vanquished Creatures (others)
  2 withered plants (D:3)
2 creatures vanquished.

Grand Total: 89 creatures vanquished

Notes
Turn   | Place    | Note
-------+----------+-------------------------------------------
     0 | D:1      | Hylith the Hill Orc Fighter began the quest for the Orb.
     0 | D:1      | Reached XP level 1. HP: 19/19 MP: 1/1
   240 | D:1      | Reached skill level 3 in Axes
   364 | D:1      | Reached XP level 2. HP: 26/27 MP: 2/2
   724 | D:2      | Noticed an ogre
   725 | D:2      | Reached XP level 3. HP: 33/33 MP: 3/3
  1038 | D:2      | Killed an ogre
  1038 | D:2      | Reached skill level 4 in Axes
  1038 | D:2      | Reached XP level 4. HP: 41/41 MP: 4/4
  1038 | D:2      | Reached XP level 5. HP: 47/47 MP: 5/5
  1258 | D:2      | Noticed Natasha
  1265 | D:2      | Killed Natasha
  1265 | D:2      | Reached skill level 5 in Axes
  1574 | D:2      | Found a glowing golden altar of the Shining One.
  1574 | D:2      | Found a bloodstained altar of Trog.
  1864 | D:3      | Found a runed translucent door.
  1866 | D:3      | Noticed Cykl0x's ghost (amateur FoFi)
  2027 | D:3      | Reached XP level 6. HP: 53/53 MP: 6/6
  3005 | D:4      | Reached skill level 6 in Axes
  3006 | D:4      | Reached skill level 5 in Fighting
  3147 | D:4      | Found Seuttut's Serpentskin Sales.
  3198 | D:4      | Reached XP level 7. HP: 55/61 MP: 7/7
  3517 | D:5      | Entered Level 5 of the Dungeon
  3544 | D:5      | HP: 2/61 [sky beast (2)]
  3544 | D:5      | Slain by a sky beast

Skill      XL: |  1  2  3  4  5  6 |
---------------+-------------------+-----
Axes           | 3 4 5 6 |  6.8
Fighting       | 4 5 |  5.3
Armour         | 4 |  4.9
Shields        | 4 |  4.9

Action                   |  1- 3 |  4- 6 |  7- 9 || total
-------------------------+-------+-------+-------++-------
Melee: War axe           |    57 |   213 |    32 ||   302
  Use: Potion            |     1 |       |     1 ||     2
  Eat: Chunk             |       |     8 |       ||     8
Armor: Scale mail        |    20 |    85 |    11 ||   116
Dodge: Dodged            |    16 |    43 |     6 ||    65
Block: Shield            |    38 |   142 |    16 ||   196
